 Dungeon Crawl Stone Soup version 0.27-a0-972-gd1521fd518 (webtiles) character file.

Game seed: 17643309220863196463

2366 robertstho the Covert (level 9, -33/94 HPs)
             Began as an Octopode Berserker on Apr 13, 2021.
             Was an Elder of Trog.
             Annihilated by an orc warrior
             ... wielding a +0 glaive
              (35 damage)
             ... in a bailey.
             The game lasted 00:09:44 (7359 turns).

robertstho the Covert (Octopode Berserker)          Turns: 7359, Time: 00:09:45

Health: -33/94     AC:  5    Str: 17    XL:     9   Next: 44%
Magic:  9/9        EV: 16    Int:  9    God:    Trog [****..]
Gold:   359        SH:  0    Dex: 20    Spells: 8/8 levels left

rFire    + . .     SeeInvis +   j - +3 short sword (freeze)
rCold    x . .     Faith    .   (no shield)
rNeg     . . .     Spirit   .   (helmet restricted)
rPois    .         Reflect  .   B - amulet of magic regeneration
rElec    .         Harm     .   h - ring of resist corrosion
rCorr    +         Rampage  .   n - ring of flight
Will     .....                  p - ring of see invisible
Stlth    ..........             (no ring)
HPRegen  0.25/turn              u - +4 ring of protection
MPRegen  0.36/turn              w - +6 ring of dexterity
                                A - ring of fire
                                (no ring)

@: berserking (expiring), flying, very quick
A: almost no armour, amphibious, 8 rings, camouflage 1, gelatinous body 1,
(nimble swimmer 1), tentacles
a: Renounce Religion, Berserk, Trog's Hand, Brothers in Arms


You were in a bailey.
You worshipped Trog.
Trog was greatly pleased with you.
You visited 1 branch of the dungeon, and saw 7 of its levels.
You also visited: Bailey.

You collected 359 gold pieces.

Inventory:

Hand Weapons
 a - a +0 falchion
 j - a +3 short sword of freezing (weapon)
Jewellery
 h - a ring of resist corrosion (left tentacle)
 l - a ring of ice
 n - a ring of flight (right tentacle)
 p - a ring of see invisible (on tentacle)
 u - a +4 ring of protection (on tentacle)
 w - a +6 ring of dexterity (on tentacle)
 A - a ring of fire (on tentacle)
 B - an amulet of magic regeneration (around mantle)
Wands
 x - a wand of iceblast (6)
 y - a wand of flame (15)
Scrolls
 c - a scroll of brand weapon {unknown}
 g - 3 scrolls of enchant armour
 m - a scroll of acquirement {unknown}
 o - a scroll of fear
 q - 3 scrolls of vulnerability
 s - a scroll of enchant weapon
 t - a scroll of immolation {unknown}
 v - a scroll of amnesia {unknown}
Potions
 b - a potion of mutation
 d - 3 potions of heal wounds
 e - a potion of might {unknown}
 f - a potion of invisibility {unknown}
 i - a potion of flight {unknown}
 k - 2 potions of curing
 r - a potion of degeneration {unknown}
 z - 2 potions of haste {unknown}
 C - a potion of lignification {unknown}


   Skills:
 * Level 6.5 Fighting
 + Level 6.4(7.1) Short Blades
 + Level 4.4(6.1) Long Blades
 + Level 4.6 Dodging
 * Level 10.1 Stealth


You had 8 spell levels left.
You didn't know any spells.
Your spell library was empty.

Dungeon Overview and Level Annotations

Branches:
Dungeon (7/15)             Temple (0/1) D:4          Bailey (1/1)

Altars:
Fedhas
Kikubaaqudgha
Makhleb
Okawaru
Ru
Trog
Wu Jian
Xom
Yredelemnul
Zin
The Shining One

Shops:
D:2 (:(   D:3 [   D:4 (   D:5 (

Annotations:
D:2 2740 sword
D:4 499 rapier


Innate Abilities, Weirdness & Mutations

You cannot wear most types of armour.
You are amphibious.
You can wear up to eight rings at the same time.
Your skin changes colour to match your surroundings (Stealth+).
Your rubbery body absorbs attacks. (AC +1, EV +1)
((You are camouflaged near water. (Stealth+)))
You have tentacles for arms and can constrict up to eight enemies at once.


Message History

You puncture the orc! You freeze the orc.
You kill the orc!
Trog accepts your kill.
The orc warrior hits you from afar with a +0 glaive!!
Your ogre hits the orc warrior with a +0 giant spiked club!!
The orc warrior dies!
Trog accepts your kill. The orc closely misses you.
The orc warrior closely misses you.
You see here a +0 war axe.
You puncture the orc warrior! You freeze the orc warrior.
Your grab misses the orc warrior.
The orc warrior is heavily wounded.
Your ogre barely misses the orc.
The orc knight closely misses you.
You completely miss the orc warrior. You grab the orc warrior.
You squeeze the orc warrior.
The orc warrior is severely wounded.
You constrict the orc warrior.
The orc knight goes into a battle-frenzy!
The orc closely misses you.
The orc warrior hits you from afar with a +0 glaive.
You hear a shout!
You puncture the orc warrior! You freeze the orc warrior.
You kill the orc warrior!
Trog accepts your kill.
Your ogre hits the orc with a +0 giant spiked club!
The orc dies!
Trog accepts your kill. The orc closely misses you.
The orc knight hits you from afar with a +0 glaive!!!
* * * LOW HITPOINT WARNING * * *
2 orc knights come into view.
Your ogre misses the orc knight. The orc warrior closely misses you.
The orc closely misses you.
You closely miss the orc. You grab the orc. You squeeze the orc!
You kill the orc!
Trog accepts your kill. The orc knight misses you.
Your ogre closely misses the orc knight.
The orc warrior hits you from afar with a +0 glaive!!
You die...

#.......#
#....)..#
#.......#
#.......#
##.....##
##'''##
#.....#
#...).#
#..))@#
#..)..#
#.Ooo)#
##)''##
#.....#
#...o...#
#..o....#
#.......#
#.......#


You could see 2 orc knights, an orc warrior (strong), an orc (strong) and a
friendly ogre (summoned, berserk).

Vanquished Creatures
  Maggie (D:6)
  Edmund (D:6)
  2 water moccasins
  An ice beast (D:5)
  4 orc warriors (Bailey)
  2 ogres (D:4)
  2 centaurs (D:6)
  A necrophage (D:6)
  A phantom (D:4)
  A kobold brigand (D:7)
  2 scorpions
  Crazy Yiuf (D:4)
  3 hounds
  A centaur skeleton (D:6)
  3 orc priests
  A scorpion zombie (D:5)
  2 iguanas
  2 orc wizards (D:5)
  Terence (D:2)
  5 adders
  An adder zombie (D:2)
  3 worms
  6 dart slugs
  35 orcs
  7 ball pythons
  5 endoplasms
  5 giant cockroaches
  8 goblins
  8 hobgoblins
  4 quokkas
  4 bats
  4 frilled lizards
  16 kobolds
  13 rats
156 creatures vanquished.

Vanquished Creatures (collateral kills)
  An orc warrior (Bailey)
  4 orcs (Bailey)
5 creatures vanquished.

Vanquished Creatures (others)
  A plant (D:5)
1 creature vanquished.

Grand Total: 162 creatures vanquished

Notes
Turn   | Place    | Note
-------+----------+-------------------------------------------
     0 | D:1      | robertstho the Octopode Berserker began the quest for the
                  | Orb.
     0 | D:1      | Reached XP level 1. HP: 16/16 MP: 1/1
   437 | D:1      | Reached XP level 2. HP: 21/21 MP: 2/2
   666 | D:1      | Reached skill level 1 in Stealth
  1054 | D:1      | Reached XP level 3. HP: 16/26 MP: 3/3
  1841 | D:2      | Noticed Terence
  1842 | D:2      | Found a faded altar of an unknown god.
  1850 | D:2      | Killed Terence
  1851 | D:2      | Reached skill level 2 in Stealth
  1851 | D:2      | Reached XP level 4. HP: 5/32 MP: 4/4
  2158 | D:2      | Reached ** piety under Trog
  2415 | D:2      | Reached skill level 3 in Stealth
  2518 | D:2      | Found Yclirgh's Weapon Boutique.
  2642 | D:2      | Found Ricvek's Book Boutique.
  2668 | D:2      | Found Zyrapn's Antique Weapon Shop.
  2935 | D:3      | Found Liuwar's Antique Armour Boutique.
  3127 | D:3      | Reached XP level 5. HP: 16/37 MP: 5/5
  3407 | D:3      | Found a bloodstained altar of Trog.
  3419 | D:3      | Reached *** piety under Trog
  3893 | D:4      | Reached skill level 4 in Stealth
  3975 | D:4      | Noticed an ogre
  3978 | D:4      | Noticed an ogre
  3983 | D:4      | Killed an ogre
  3984 | D:4      | Reached skill level 1 in Short Blades
  3984 | D:4      | Reached XP level 6. HP: 31/43 MP: 6/6
  3993 | D:4      | Found a staircase to the Ecumenical Temple.
  3997 | D:4      | Reached skill level 5 in Stealth
  4163 | D:4      | Found Tere Woi's Weapon Emporium.
  4322 | D:4      | Reached XP level 7. HP: 49/49 MP: 7/7
  4377 | D:4      | Found an iron altar of Okawaru.
  4408 | D:4      | Found a sacrificial altar of Ru.
  4445 | D:4      | Found an ancient bone altar of Kikubaaqudgha.
  4446 | D:4      | Found a blossoming altar of Fedhas.
  4519 | D:4      | Found an ornate altar of the Wu Jian Council.
  4681 | D:4      | Found a basalt altar of Yredelemnul.
  4688 | D:4      | Found a glowing golden altar of the Shining One.
  4690 | D:4      | Noticed an angel
  4705 | D:4      | Found a runed translucent door.
  4706 | D:4      | Noticed Crazy Yiuf
  5075 | D:4      | Killed Crazy Yiuf
  5154 | D:5      | Entered Level 5 of the Dungeon
  5170 | D:5      | Reached skill level 5 in Fighting
  5400 | D:5      | Found Resosm's Hydra Hut.
  5402 | D:5      | Noticed a four-headed hydra
  5416 | D:5      | Found a shimmering altar of Xom.
  5606 | D:5      | Reached skill level 6 in Stealth
  5720 | D:5      | Found a glowing silver altar of Zin.
  5720 | D:5      | Found a burning altar of Makhleb.
  5721 | D:5      | Noticed a green death
  5721 | D:5      | Noticed an angel
  5950 | D:5      | You are sucked into a shaft and drop 1 floor!
  5980 | D:6      | Reached XP level 8. HP: 53/55 MP: 8/8
  6057 | D:6      | Noticed Edmund
  6150 | D:6      | Killed Edmund
  6150 | D:6      | Reached **** piety under Trog
  6151 | D:6      | Reached skill level 7 in Stealth
  6206 | D:6      | Reached skill level 5 in Short Blades
  6333 | D:6      | Noticed Maggie
  6336 | D:6      | Killed Maggie
  6337 | D:6      | Reached skill level 8 in Stealth
  6337 | D:6      | Reached XP level 9. HP: 62/62 MP: 9/9
  6369 | D:7      | Reached skill level 9 in Stealth
  6419 | D:7      | HP: 3/62 [wight/+4 long sword (6)]
  6455 | D:7      | Found a flagged portal.
  6476 | Bailey   | Entered a bailey
  6971 | Bailey   | Reached skill level 10 in Stealth
  7339 | Bailey   | Noticed an orc knight
  7356 | Bailey   | HP: 2/94 [orc knight/+0 glaive (37)]
  7357 | Bailey   | Noticed an orc knight
  7357 | Bailey   | Noticed an orc knight
  7359 | Bailey   | Annihilated by an orc warrior

Illustrated notes

Levels and vault maps discovered:
D:1:      minmay_arrival_split_and_join, layout_basic, minmay_rat_gold_closets
D:2:      layout_rooms, hellmonk_ecumenical_altar_zigzags, serial_shops,
          nicolae_shop_waterfront, nicolae_shop_crystal,
          nicolae_shop_statue_plus, minmay_surrounded, uniq_terence
D:3:      layout_basic, trog_hazing_becter, serial_corexii_hall,
          corexii_hall_statues_x, chequers_hall_statues_y, serial_shops,
          nicolae_shop_behind_doors, st_stairs_14, kennysheep_minor_cross
D:4:      layout_loops_ring, grunt_temple_overflow_growth_and_decay,
          grunt_temple_overflow_holy_war, nzn_wu_jian_council_hall,
          okawaru_gym_becter, lemuel_crystal_altar, minmay_temple_entry_grid,
          serial_shops, nicolae_shop_stone, uniq_crazy_yiuf_cottage
D:5:      layout_cave_pods, grunt_temple_overflow_order_and_chaos_2,
          kennysheep_mini_moat, nicolae_gozag_seed_capital, minivault_23,
          doesnt_shop_hydraphobe
D:6:      layout_rooms, grunt_decor_fettered, uniq_maggie, uniq_edmund
D:7:      layout_loops_ring, ashenzari_conservatory_becter,
          nicolae_uskayaw_suspiria, enter_bailey_5, minmay_between
Bailey:   bailey_polearm_5, bailey

Skill      XL: |  1  2  3  4  5  6  7  8  9 |
---------------+----------------------------+-----
Stealth        | 1 2 3 4 5 6 8 10 | 10.1
Fighting       | 4 5 6 |  6.5
Short Blades   | 1 2 3 5 6 |  6.4
Long Blades    | 4 |  4.4
Dodging        | 4 |  4.6

Action                   |  1- 3 |  4- 6 |  7- 9 || total
-------------------------+-------+-------+-------++-------
Melee: Falchion          |    54 |    32 |       ||    86
       Constrict         |    16 |    25 |    36 ||    77
       Tentacles         |     9 |    15 |    39 ||    63
       Short sword       |       |    64 |   140 ||   204
Invok: Berserk           |       |     2 |     9 ||    11
       Trog's Hand       |       |       |     2 ||     2
       Brothers in Arms  |       |       |     1 ||     1
  Use: Scroll            |       |       |    11 ||    11
       Potion            |       |       |     2 ||     2
 Stab: Sleeping          |     9 |     6 |    12 ||    27
       Distracted        |       |       |     1 ||     1
Armor: Skin              |     2 |     4 |    31 ||    37
Dodge: Dodged            |    28 |    67 |   153 ||   248
       Rpst.: Falchion   |    10 |     7 |       ||    17

Table legend: (Time is in decaauts)
 A = Elapsed time spent in this place.
 B = Non-inter-level travel time spent in this place.
 C = Inter-level travel time spent in this place.
 D = Time resting spent in this place.
 E = Time spent auto-exploring this place.
 F = Levels seen in this place.
 G = Mean time per level.
                   A        B        C        D        E       F      G
               +--------+--------+--------+--------+--------+-----+--------+
         Total |   7415 |   7315 |    100 |   1505 |   4903 |   8 |  926.9 |
       Dungeon |   6515 |   6415 |    100 |    864 |   4821 |   7 |  930.7 |
        Bailey |    899 |    899 |      0 |    641 |     82 |   1 |  899.0 |
               +--------+--------+--------+--------+--------+-----+--------+

Top non-repeatable levels by time:
     D:1: 1790 daAuts
     D:4: 1505 daAuts
     D:3: 1067 daAuts
     D:2: 1028 daAuts
  Bailey: 899 daAuts
     D:5: 596 daAuts
     D:6: 410 daAuts
     D:7: 116 daAuts
